TOP OF THE 1ST |
Notre Dame Fighting Irish batting - Pitching for Wake Forest Demon Deacons : RHP Wade Sweeny
|
Pitching: RHP Wade Sweeny
|
|
Batting: RHB Allen Miller
|
0-0: Ball 1-0: Ball 2-0: Called Strike 2-1: Foul Ball, location: 2F 2-2: Ball 3-2: Base on Balls
|
Batting: LHB Mitch Morales
|
0-0: Ball 1-0: Foul Ball, location: 2F 1-1: Called Strike 1-2: Foul Ball, location: 2F 1-2: Strikes out swinging
|
Batting: LHB Sam Knight
|
0-0: Ball Allen Miller steals 2nd base 1-0: Ball 2-0: Ball 3-0: Base on Balls
|
Batting: LHB Juan Muńóz
|
0-0: Foul Ball, location: 2F 0-1: Swinging Strike 0-2: Strikes out looking
|
Batting: SHB Willie Graves
|
0-0: Ball 1-0: SINGLE (Groundball, 34D) Allen Miller to third Sam Knight to second Runner from 3rd tries for Home, SAFE, no throw
|
Batting: LHB Stewart Rodríguez
|
0-0: Swinging Strike 0-1: Ball 1-1: SINGLE (Groundball, 6D) Sam Knight to third Willie Graves to second
|
Batting: SHB Andre Keeler
|
0-0: Ball 1-0: Fielders Choice at 2nd, 5-4 (Groundball, 5)
|
Top of the 1st over - 1 run, 2 hits, 0 errors, 3 left on base; Notre Dame 1 - Wake Forest 0 |
BOTTOM OF THE 1ST |
Wake Forest Demon Deacons batting - Pitching for Notre Dame Fighting Irish : RHP Chris Hamilton
|
Pitching: RHP Chris Hamilton
|
|
Batting: RHB Tyler Robinson
|
0-0: Ball 1-0: Called Strike 1-1: Ball 2-1: Ball 3-1: Foul Ball, location: 2F 3-2: Hit by Pitch
|
Batting: RHB Jack Hogan
|
0-0: Called Strike 0-1: Called Strike 0-2: Foul Ball, location: 2F 0-2: Ball 1-2: Ball 2-2: Strikes out looking
|
Batting: RHB William Allen
|
0-0: Ball Tyler Robinson steals 2nd base 1-0: SINGLE (Line Drive, 56D) Tyler Robinson to third Runner from 3rd tries for Home, SAFE, no throw
|
Batting: LHB Don Harris
|
0-0: Called Strike 0-1: Ball 1-1: Ball 2-1: Reached via error on a dropped throw, E1 William Allen to second
|
Batting: RHB Mike Pope
|
0-0: Swinging Strike 0-1: Called Strike 0-2: Foul Ball, location: 2F 0-2: SINGLE (Groundball, 56D) William Allen to third Don Harris to second Runner from 3rd tries for Home, throw and OUT!
|
Batting: RHB Rob Miller
|
0-0: Called Strike 0-1: Foul Ball, location: 2F 0-2: Strikes out swinging
|
Bottom of the 1st over - 1 run, 2 hits, 1 error, 2 left on base; Notre Dame 1 - Wake Forest 1 |
TOP OF THE 2ND |
Notre Dame Fighting Irish batting - Pitching for Wake Forest Demon Deacons : RHP Wade Sweeny
|
Batting: RHB Gene Swanson
|
0-0: Swinging Strike 0-1: Ground out 5-3 (Groundball, 56S)
|
Batting: LHB John Young
|
0-0: Swinging Strike 0-1: Foul Ball, location: 2F 0-2: Ball 1-2: Foul Ball, location: 2F 1-2: Ball 2-2: Ball 3-2: Fly out, F6 (Popup, 6)
|
Batting: RHB Allen Miller
|
0-0: Foul Ball, location: 2F 0-1: Ball 1-1: Foul Ball, location: 2F 1-2: SINGLE (Line Drive, 4D)
|
Batting: LHB Mitch Morales
|
0-0: Ball Allen Miller steals 2nd base 1-0: Called Strike 1-1: Swinging Strike 1-2: Ball 2-2: 2-RUN HOME RUN (Flyball, 7D), Distance : 359 ft
|
Batting: LHB Sam Knight
|
0-0: Ball 1-0: Ball 2-0: Ball 3-0: Called Strike 3-1: Foul Ball, location: 2F 3-2: Foul Ball, location: 2F 3-2: Foul Ball, location: 2F 3-2: Foul Ball, location: 2F 3-2: Strikes out swinging
|
Top of the 2nd over - 2 runs, 2 hits, 0 errors, 0 left on base; Notre Dame 3 - Wake Forest 1 |
BOTTOM OF THE 2ND |
Wake Forest Demon Deacons batting - Pitching for Notre Dame Fighting Irish : RHP Chris Hamilton
|
Batting: RHB Tim Workman
|
0-0: Foul Ball, location: 2F 0-1: Ball 1-1: Called Strike 1-2: Strikes out swinging
|
Batting: RHB Doug Dunlap
|
0-0: Ball 1-0: Ball 2-0: Ball 3-0: Called Strike 3-1: Fly out, F8 (Line Drive, 78M)
|
Batting: RHB William Hudson
|
0-0: Ball 1-0: Fly out, F3 (Popup, 3SF)
|
Bottom of the 2nd over - 0 runs, 0 hits, 0 errors, 0 left on base; Notre Dame 3 - Wake Forest 1 |
TOP OF THE 3RD |
Notre Dame Fighting Irish batting - Pitching for Wake Forest Demon Deacons : RHP Wade Sweeny
|
Batting: LHB Juan Muńóz
|
0-0: Ball 1-0: Swinging Strike 1-1: Ball 2-1: Swinging Strike 2-2: Strikes out swinging
|
Batting: SHB Willie Graves
|
0-0: Ball 1-0: Ground out 5-3 (Groundball, 56S)
|
Batting: LHB Stewart Rodríguez
|
0-0: Fly out, F5 (Popup, 5SF)
|
Top of the 3rd over - 0 runs, 0 hits, 0 errors, 0 left on base; Notre Dame 3 - Wake Forest 1 |
BOTTOM OF THE 3RD |
Wake Forest Demon Deacons batting - Pitching for Notre Dame Fighting Irish : RHP Chris Hamilton
|
Batting: RHB Tyler Robinson
|
0-0: Ball 1-0: Called Strike 1-1: Ball 2-1: Foul Ball, location: 2F 2-2: Foul Ball, location: 2F 2-2: Strikes out looking
|
Batting: RHB Jack Hogan
|
0-0: Ball 1-0: Foul Ball, location: 2F 1-1: Swinging Strike 1-2: Ball 2-2: Foul Ball, location: 2F 2-2: Strikes out swinging
|
Batting: RHB William Allen
|
0-0: Ball 1-0: Ball 2-0: Ball 3-0: Called Strike 3-1: Swinging Strike 3-2: Base on Balls
|
Batting: LHB Don Harris
|
0-0: Ball 1-0: Called Strike 1-1: Called Strike 1-2: Foul Ball, location: 2F 1-2: Strikes out swinging
|
Bottom of the 3rd over - 0 runs, 0 hits, 0 errors, 1 left on base; Notre Dame 3 - Wake Forest 1 |
TOP OF THE 4TH |
Notre Dame Fighting Irish batting - Pitching for Wake Forest Demon Deacons : RHP Wade Sweeny
|
Batting: SHB Andre Keeler
|
0-0: Ball 1-0: Ball 2-0: Called Strike 2-1: Ball 3-1: SINGLE (Groundball, 6) (infield hit)
|
Batting: RHB Gene Swanson
|
0-0: Called Strike 0-1: Foul Ball, location: 2F 0-2: Strikes out swinging
|
Batting: LHB John Young
|
0-0: Ball 1-0: Called Strike 1-1: Called Strike 1-2: Ball 2-2: Ball Andre Keeler steals 2nd base 3-2: Fly out, F7 (Flyball, 78M)
|
Batting: RHB Allen Miller
|
0-0: Called Strike 0-1: 2-RUN HOME RUN (Flyball, 7LD), Distance : 334 ft
|
Batting: LHB Mitch Morales
|
0-0: Foul Ball, location: 2F 0-1: Ball 1-1: Ball 2-1: Foul Ball, location: 2F 2-2: Foul Ball, location: 2F 2-2: Ball 3-2: Foul Ball, location: 2F 3-2: Base on Balls
|
Pitching: RHP Eldon Kerr
|
|
Batting: LHB Sam Knight
|
0-0: Called Strike 0-1: Called Strike 0-2: Foul Ball, location: 2F 0-2: Ball 1-2: Strikes out swinging
|
Top of the 4th over - 2 runs, 2 hits, 0 errors, 1 left on base; Notre Dame 5 - Wake Forest 1 |
BOTTOM OF THE 4TH |
Wake Forest Demon Deacons batting - Pitching for Notre Dame Fighting Irish : RHP Chris Hamilton
|
Batting: RHB Mike Pope
|
0-0: Ball 1-0: Ball 2-0: Called Strike 2-1: Ball 3-1: SOLO HOME RUN (Flyball, 7D), Distance : 349 ft
|
Batting: RHB Rob Miller
|
0-0: Bunt for hit - play at first, batter safe!
|
Batting: RHB Tim Workman
|
0-0: Ball 1-0: Ball 2-0: Called Strike 2-1: SINGLE (Groundball, 6MS) (infield hit) Rob Miller to second
|
Batting: RHB Doug Dunlap
|
0-0: Called Strike 0-1: 3-RUN HOME RUN (Flyball, 78XD), Distance : 362 ft
|
Batting: RHB William Hudson
|
0-0: Swinging Strike 0-1: Called Strike 0-2: Foul Ball, location: 2F 0-2: Ball 1-2: SINGLE (Groundball, 56D)
|
Batting: RHB Tyler Robinson
|
0-0: Ball 1-0: Swinging Strike 1-1: Foul Ball, location: 2F 1-2: Hit by Pitch William Hudson to second
|
Pitching: RHP Patrick Henry
|
|
Pinch Runner at 1st Paul Turner:
|
|
Batting: RHB Jack Hogan
|
0-0: Swinging Strike 0-1: Foul Ball, location: 2F 0-2: Foul Ball, location: 2F 0-2: Ball 1-2: Strikes out swinging
|
Batting: RHB William Allen
|
0-0: Ball 1-0: Ball 2-0: Ball 3-0: Called Strike 3-1: Swinging Strike 3-2: Grounds into double play, 1-6-3 (Groundball, 13)
|
Bottom of the 4th over - 4 runs, 5 hits, 0 errors, 1 left on base; Notre Dame 5 - Wake Forest 5 |
TOP OF THE 5TH |
Notre Dame Fighting Irish batting - Pitching for Wake Forest Demon Deacons : RHP Eldon Kerr
|
Now at 3B: Paul Turner
|
|
Batting: LHB Juan Muńóz
|
0-0: Called Strike 0-1: Called Strike 0-2: Fly out, F9 (Line Drive, 89D)
|
Batting: SHB Willie Graves
|
0-0: Fly out, F8 (Flyball, 78D)
|
Batting: LHB Stewart Rodríguez
|
0-0: Called Strike 0-1: Foul Ball, location: 2F 0-2: Strikes out swinging
|
Top of the 5th over - 0 runs, 0 hits, 0 errors, 0 left on base; Notre Dame 5 - Wake Forest 5 |
BOTTOM OF THE 5TH |
Wake Forest Demon Deacons batting - Pitching for Notre Dame Fighting Irish : RHP Patrick Henry
|
Batting: LHB Don Harris
|
0-0: Ball 1-0: SOLO HOME RUN (Flyball, 89XD), Distance : 388 ft
|
Batting: RHB Mike Pope
|
0-0: Swinging Strike 0-1: Ball 1-1: Ground out 6-3 (Groundball, 6M)
|
Batting: RHB Rob Miller
|
0-0: Ball 1-0: SINGLE (Flyball, 3D)
|
Batting: RHB Tim Workman
|
0-0: Grounds into double play, 5-4-3 (Groundball, 56)
|
Bottom of the 5th over - 1 run, 2 hits, 0 errors, 0 left on base; Notre Dame 5 - Wake Forest 6 |
TOP OF THE 6TH |
Notre Dame Fighting Irish batting - Pitching for Wake Forest Demon Deacons : RHP Eldon Kerr
|
Batting: SHB Andre Keeler
|
0-0: Called Strike 0-1: Foul Ball, location: 2F 0-2: Strikes out swinging
|
Batting: RHB Gene Swanson
|
0-0: Called Strike 0-1: SINGLE (Groundball, 6MD)
|
Batting: LHB John Young
|
0-0: Ball Wild Pitch! Gene Swanson to second 1-0: 2-RUN HOME RUN (Flyball, 9LD), Distance : 326 ft
|
Pitching: RHP Javier Morán
|
|
Batting: RHB Allen Miller
|
0-0: Ball 1-0: Ground out 4-3 (Groundball, 4M)
|
Batting: LHB Mitch Morales
|
0-0: Ball 1-0: Ball 2-0: Ground out 6-3 (Groundball, 6)
|
Top of the 6th over - 2 runs, 2 hits, 0 errors, 0 left on base; Notre Dame 7 - Wake Forest 6 |
BOTTOM OF THE 6TH |
Wake Forest Demon Deacons batting - Pitching for Notre Dame Fighting Irish : RHP Patrick Henry
|
Batting: RHB Doug Dunlap
|
0-0: Called Strike 0-1: Ball 1-1: Swinging Strike 1-2: Foul Ball, location: 2F 1-2: Foul Ball, location: 2F 1-2: Ball 2-2: Strikes out swinging
|
Batting: RHB William Hudson
|
0-0: Called Strike 0-1: Ball 1-1: Called Strike 1-2: Strikes out looking
|
Batting: RHB Paul Turner
|
0-0: Ground out 5-3 (Groundball, 56S)
|
Bottom of the 6th over - 0 runs, 0 hits, 0 errors, 0 left on base; Notre Dame 7 - Wake Forest 6 |
TOP OF THE 7TH |
Notre Dame Fighting Irish batting - Pitching for Wake Forest Demon Deacons : RHP Javier Morán
|
Pitching: LHP David Vallabares
|
|
Batting: LHB Sam Knight
|
0-0: Foul Ball, location: 2F 0-1: Called Strike 0-2: Strikes out swinging
|
Batting: LHB Juan Muńóz
|
0-0: Called Strike 0-1: Ball 1-1: Ground out 4-3 (Groundball, 4S)
|
Batting: SHB Willie Graves
|
0-0: Ball 1-0: Swinging Strike 1-1: Called Strike 1-2: SINGLE (Flyball, 89M)
|
Pinch Runner at 1st Lee Dean:
|
|
Pinch Hitting: RHB Juan Valdéz
|
0-0: Ball 1-0: Swinging Strike 1-1: Called Strike 1-2: Ball 2-2: Foul Ball, location: 2F 2-2: Ball 3-2: Base on Balls Lee Dean to second
|
Pitching: RHP Willie Martínez
|
|
Batting: SHB Andre Keeler
|
0-0: Called Strike 0-1: SINGLE (Groundball, 6D) Lee Dean to third Juan Valdéz to second Runner from 3rd tries for Home, SAFE, no throw
|
Batting: RHB Gene Swanson
|
0-0: Ball 1-0: Fielders Choice at 2nd, 5-4 (Groundball, 56)
|
Top of the 7th over - 1 run, 2 hits, 0 errors, 2 left on base; Notre Dame 8 - Wake Forest 6 |
BOTTOM OF THE 7TH |
Wake Forest Demon Deacons batting - Pitching for Notre Dame Fighting Irish : RHP Patrick Henry
|
Now in CF: Bartolo Medina
|
|
Batting: RHB Jack Hogan
|
0-0: Called Strike 0-1: Foul Ball, location: 2F 0-2: Ball 1-2: Fly out, F8 (Flyball, 89M)
|
Batting: RHB William Allen
|
0-0: Fly out, F8 (Flyball, 8LD)
|
Batting: LHB Don Harris
|
0-0: Ball 1-0: Ball 2-0: Called Strike 2-1: Foul Ball, location: 2F 2-2: SOLO HOME RUN (Flyball, 9LD), Distance : 319 ft
|
Batting: RHB Mike Pope
|
0-0: Called Strike 0-1: Foul Ball, location: 2F 0-2: Ball 1-2: Ball 2-2: Strikes out swinging
|
Bottom of the 7th over - 1 run, 1 hit, 0 errors, 0 left on base; Notre Dame 8 - Wake Forest 7 |
TOP OF THE 8TH |
Notre Dame Fighting Irish batting - Pitching for Wake Forest Demon Deacons : RHP Willie Martínez
|
Batting: LHB John Young
|
0-0: Ball 1-0: Ball 2-0: Fly out, F9 (Flyball, 9S)
|
Batting: RHB Allen Miller
|
0-0: Ball 1-0: Swinging Strike 1-1: Called Strike 1-2: Ball 2-2: Ball 3-2: Fly out, F9 (Flyball, 9)
|
Batting: LHB Mitch Morales
|
0-0: Ball 1-0: Ground out 6-3 (Groundball, 6)
|
Top of the 8th over - 0 runs, 0 hits, 0 errors, 0 left on base; Notre Dame 8 - Wake Forest 7 |
BOTTOM OF THE 8TH |
Wake Forest Demon Deacons batting - Pitching for Notre Dame Fighting Irish : RHP Patrick Henry
|
Batting: RHB Rob Miller
|
0-0: Called Strike 0-1: Ball 1-1: Called Strike 1-2: Ball 2-2: SINGLE (Flyball, 9S)
|
Batting: RHB Tim Workman
|
0-0: Ball 1-0: Called Strike 1-1: Fielders Choice at 2nd, 1-4 (Groundball, 15)
|
Pinch Hitting: LHB Tim Marshall
|
0-0: Called Strike 0-1: Swinging Strike 0-2: Strikes out swinging
|
Batting: RHB William Hudson
|
0-0: Fly out, F9 (Flyball, 9)
|
Bottom of the 8th over - 0 runs, 1 hit, 0 errors, 1 left on base; Notre Dame 8 - Wake Forest 7 |
TOP OF THE 9TH |
Notre Dame Fighting Irish batting - Pitching for Wake Forest Demon Deacons : RHP Willie Martínez
|
Pitching: RHP Tracy Ferguson
|
|
Now in LF: Leonard Brown
|
|
Batting: LHB Sam Knight
|
0-0: Called Strike 0-1: Ball 1-1: Foul Ball, location: 2F 1-2: Strikes out swinging
|
Batting: LHB Juan Muńóz
|
0-0: Ball 1-0: Ball 2-0: Ball 3-0: Called Strike 3-1: Base on Balls
|
Batting: SHB Lee Dean
|
0-0: Ball 1-0: Fly out, F8 (Flyball, 8LM)
|
Batting: RHB Bartolo Medina
|
0-0: Called Strike 0-1: Called Strike 0-2: Ball 1-2: Fielders Choice at 2nd, 5-4 (Groundball, 5)
|
Top of the 9th over - 0 runs, 0 hits, 0 errors, 1 left on base; Notre Dame 8 - Wake Forest 7 |
BOTTOM OF THE 9TH |
Wake Forest Demon Deacons batting - Pitching for Notre Dame Fighting Irish : RHP Patrick Henry
|
Batting: RHB Paul Turner
|
0-0: Ball 1-0: Swinging Strike 1-1: Ball 2-1: Ball 3-1: Foul Ball, location: 2F 3-2: Strikes out swinging
|
Batting: RHB Jack Hogan
|
0-0: Called Strike 0-1: Fly out, F3 (Popup, 3F)
|
Pitching: RHP Nick Wilson
|
|
Batting: RHB William Allen
|
0-0: Ball 1-0: Ball 2-0: Called Strike 2-1: Ground out 5-3 (Groundball, 2L)
|
Bottom of the 9th over - 0 runs, 0 hits, 0 errors, 0 left on base; Notre Dame 8 - Wake Forest 7 |
|